Map: Winter's Gate LE

Players

XilentSKY - Winner!

  • Race: Protoss Protoss
  • League: Gold
  • Spawn Location: 11:00

sandboX

  • Race: Zerg Zerg
  • League: Gold
  • Spawn Location: 5:00

VOD

Have the link to the VOD?

Description

Time

  • Played on: Aug. 20, 2019, 10:30 p.m.
  • Length: 19:40
Show
View Real Time Build Order
Export as new Build Order

XilentSKY Protoss - Winner!

Build Orders: Cannon Rush, Carriers 

Get SALT Encoding   

  12  0:01  Probe  
  13  0:15  Pylon  
  13  0:25  Probe  
  14  0:39  Forge  
  14  0:41  Probe  
  15  1:00  Pylon  
  15  1:02  Probe  
  16  1:19  Photon Cannon  
  16  1:21  Photon Cannon  
  16  1:51  Photon Cannon  
  16  1:54  Gateway  
  16  2:19  Probe  
  16  2:21  Assimilator  
  16  2:24  Assimilator  
  16  2:28  Probe  
  17  2:34  Photon Cannon  
  18  2:37  Probe  
  19  2:49  Probe  
  20  2:54  Cybernetics Core  
  20  2:59  Probe  
  21  3:07  Probe  
  22  3:16  Probe  
  23  3:28  Probe  
  24  3:34  Pylon  
  24  3:40  Probe  
  25  3:53  Pylon  
  25  3:56  Stargate  
  25  4:08  Pylon  
  25  4:13  Nexus  
  25  4:18  Stargate  
  25  4:20  Photon Cannon  
  25  4:30  Shield Battery  
  25  4:32  Phoenix  
  25  4:35  Photon Cannon  
  27  4:48  Stargate  
  27  4:55  Assimilator  
  27  4:57  Assimilator  
  27  4:59  Pylon  
  27  5:08  Phoenix  
  29  5:23  Phoenix  
  29  5:26  Probe  
  32  5:38  Probe  
  32  5:39  Pylon  
  33  5:43  Photon Cannon  
  33  5:52  Photon Cannon  
  33  5:58  Phoenix  
  33  6:00  Phoenix  
  37  6:13  Probe  
  38  6:21  Probe  
  39  6:30  Phoenix, Probe  
  41  6:37  Protoss Air Weapons Level 1  
  41  6:38  Probe  
  42  6:43  Phoenix  
  42  6:46  Probe  
  46  6:57  Probe  
  46  7:00  Phoenix  
  49  7:09  Probe  
  50  7:21  Probe  
  51  7:27  Nexus  
  51  7:33  Probe  
  52  7:45  Probe  
  49  9:18  Void Ray  
  49  9:19  Void Ray  
  49  9:20  Probe  
  49  9:21  Void Ray  
  62  9:28  Probe  
  62  9:38  Probe  
  63  9:41  Probe  
  65  9:49  Probe  
  65  9:50  Probe  
  66  9:59  Stargate, Probe  
  67  10:02  Stargate, Probe  
  69  10:08  Fleet Beacon  
  69  10:10  Pylon  
  69  10:11  Probe  
  70  10:15  Nexus  
  70  10:16  Pylon  
  70  10:21  Void Ray  
  74  10:22  Void Ray x2  
  74  10:23  Probe  
  74  10:24  Protoss Air Armor Level 1  
  83  10:29  Probe  
  84  10:37  Probe  
  85  10:46  Cybernetics Core  
  85  10:47  Pylon, Probe  
  86  10:52  Carrier  
  86  10:54  Carrier  
  98  10:57  Anion Pulse-Crystals  
  98  11:01  Carrier  
  104  11:15  Assimilator  
  104  11:18  Probe  
  104  11:19  Assimilator  
  104  11:20  Assimilator  
  104  11:24  Assimilator  
  105  11:26  Probe  
  105  11:28  Pylon  
  106  11:42  Carrier  
  106  11:44  Nexus  
  112  11:55  Probe  
  113  12:03  Probe  
  113  12:06  Carrier  
  120  12:13  Probe  
  120  12:14  Probe  
  121  12:18  Probe  
  121  12:22  Probe  
  123  12:25  Probe  
  123  12:26  Probe  
  123  12:27  Pylon  
  123  12:29  Protoss Air Weapons Level 2  
  125  12:31  Shield Battery  
  125  12:32  Probe  
  125  12:34  Photon Cannon  
  125  12:36  Probe  
  127  12:37  Probe  
  127  12:40  Probe  
  130  12:44  Probe  
  130  12:48  Probe  
  131  12:52  Probe  
  131  12:58  Probe  
  133  13:03  Probe  
  135  13:08  Pylon  
  135  13:10  Protoss Air Armor Level 2, Probe  
  135  13:12  Pylon  
  136  13:15  Probe  
  136  13:18  Probe  
  137  13:26  Probe  
  138  13:28  Photon Cannon  
  138  13:31  Photon Cannon  
  138  13:32  Photon Cannon  
  139  13:34  Photon Cannon  
  139  13:35  Probe  
  139  13:39  Probe, Carrier x3  
  141  13:48  Probe  
  160  13:51  Probe  
  161  14:00  Probe, Robotics Facility  
  161  14:02  Pylon  
  162  14:03  Pylon, Probe  
  162  14:05  Pylon  
  162  14:08  Pylon  
  163  14:15  Probe  
  163  14:18  Carrier x2  
  163  14:27  Probe  
  176  14:49  Carrier x3  
  194  14:56  Stargate  
  194  14:59  Stargate  
  173  15:49  Carrier  
  179  15:53  Probe  
  179  15:54  Carrier  
  186  16:01  Probe  
  186  16:02  Pylon  
  186  16:03  Pylon  
  186  16:05  Pylon  
  186  16:07  Pylon  
  186  16:11  Pylon, Probe  
  188  16:20  Carrier  
  188  16:23  Probe  
  195  16:32  Mothership  
  191  16:35  Probe  
  188  16:46  Carrier  
  190  17:01  Nexus  
  198  17:17  Pylon  
  198  17:21  Pylon  
  198  17:25  Pylon  
  198  17:45  Photon Cannon  
  198  17:47  Photon Cannon  
  198  17:49  Photon Cannon  
  198  17:50  Photon Cannon  
  198  17:53  Photon Cannon  
  198  17:55  Photon Cannon  
Show
View Real Time Build Order
Export as new Build Order

sandboX Zerg 

Build Orders: Hatch First 

Get SALT Encoding   

  12  0:01  Drone  
  13  0:13  Overlord  
  13  0:21  Drone  
  14  0:31  Drone x2  
  16  0:54  Drone  
  16  0:55  Hatchery  
  16  0:57  Drone  
  16  1:03  Extractor  
  16  1:04  Drone  
  17  1:20  Spawning Pool  
  17  1:23  Drone  
  17  1:27  Drone  
  17  1:31  Drone  
  19  1:47  Overlord  
  19  2:07  Zergling x4  
  21  2:08  Zergling x2  
  22  2:16  Zergling x2  
  19  2:49  Zergling x6  
  19  2:51  Metabolic Boost, Queen  
  24  3:07  Zergling x2  
  25  3:17  Roach Warren  
  25  3:19  Extractor  
  24  3:20  Drone  
  24  3:25  Overlord  
  19  3:41  Zergling x2  
  19  3:45  Drone  
  21  3:58  Roach  
  23  4:09  Roach x3  
  29  4:16  Lair  
  29  4:17  Hatchery  
  28  4:24  Evolution Chamber  
  28  4:25  Roach  
  28  4:26  Evolution Chamber  
  28  4:33  Roach  
  28  4:36  Roach x2  
  34  4:39  Roach  
  34  4:45  Drone  
  37  5:00  Overlord  
  34  5:29  Hatchery  
  33  5:48  Queen  
  37  6:04  Drone x2  
  37  6:12  Glial Reconstitution  
  37  6:19  Drone  
  37  6:25  Drone  
  39  6:43  Drone x3  
  42  6:56  Drone x3  
  45  7:04  Drone x3  
  48  7:21  Zerg Ground Armor Level 1, Zerg Missile Weapons Level 1  
  48  7:34  Drone x6  
  54  7:38  Overlord  
  54  7:48  Spore Crawler  
  54  7:50  Spore Crawler  
  52  7:56  Spore Crawler  
  51  8:00  Spore Crawler  
  51  8:01  Spore Crawler  
  43  8:15  Overlord  
  43  8:16  Overlord x2  
  32  8:48  Drone x10  
  42  8:54  Overlord  
  42  9:09  Overlord x2  
  42  9:27  Queen x3  
  48  9:33  Overlord  
  48  9:36  Overlord  
  48  9:49  Drone x2  
  50  10:38  Hatchery  
  49  10:42  Zerg Missile Weapons Level 2  
  49  10:43  Zerg Ground Armor Level 2  
  49  10:44  Hydralisk Den  
  48  10:54  Hatchery  
  47  11:07  Overlord x3  
  47  11:08  Overlord x3  
  47  11:19  Drone  
  47  11:20  Drone x15  
  63  11:36  Roach x6  
  75  11:55  Drone x9  
  84  12:21  Hydralisk x11  
  106  12:29  Queen  
  108  12:32  Overlord x2  
  108  12:33  Overlord  
  108  12:40  Extractor  
  108  12:44  Extractor  
  106  12:58  Drone x8  
  114  13:03  Hydralisk x8  
  114  13:04  Hydralisk  
  132  13:33  Overlord  
  132  13:34  Overlord x3  
  132  13:36  Roach x6  
  132  13:37  Roach x3  
  150  13:48  Muscular Augments  
  150  13:49  Tunneling Claws  
  150  13:55  Infestation Pit  
  149  13:59  Spore Crawler  
  148  14:04  Spore Crawler  
  148  14:05  Spore Crawler  
  148  14:07  Spore Crawler  
  145  14:10  Roach x11, Hydralisk x3  
  173  14:19  Overlord x2  
  173  14:20  Overlord x2  
  173  14:27  Overlord x3  
  173  14:37  Hydralisk x5  
  183  14:56  Hydralisk x4  
  183  14:57  Hydralisk  
  171  15:23  Spire  
  132  15:34  Extractor  
  97  15:37  Extractor  
  84  16:01  Extractor  
  84  16:02  Extractor  
  82  16:21  Drone x7  
  89  16:38  Lair  
  89  16:40  Corruptor x10  
  109  17:01  Corruptor x4, Overlord  
  117  17:50  Corruptor x6, Hatchery  
  117  17:51  Corruptor x3  
  128  17:52  Extractor  
  128  17:55  Extractor  
  128  17:56  Zergling x44  
  128  17:57  Zergling x6  
  157  18:26  Roach  
  157  18:27  Roach x15  
  179  18:33  Roach x5  
  136  19:08  Corruptor x2  
  136  19:09  Corruptor x3  
  104  19:13  Zergling x2  
  104  19:14  Zergling x20  
Tags
 
Add a new tag
Caveats
  • Supply blocks, unpowered buildings, or Contaminate may cause inaccurate times.
  • Supply counts are checked every 10 seconds.